 Dungeon Crawl Stone Soup version 0.17.0-28-g6e173f8 (webtiles) character file.

414 gorblad the Shield-Bearer (level 7, -4/53 HPs)
             Began as a Human Fighter on Dec 4, 2015.
             Killed by nerve-wracking pain
             ... invoked by an orc priest
              (13 damage)
             ... on level 4 of the Dungeon.
             The game lasted 00:06:26 (3274 turns).

gorblad the Shield-Bearer (Human Fighter)           Turns: 3274, Time: 00:06:27

Health: -4/53      AC: 10    Str: 19    XL:     7   Next: 14%
Magic:  7/7        EV:  9    Int:  8    God:
Gold:   136        SH:  9    Dex: 12    Spells: 0 memorised, 6 levels left

rFire  . . .     SeeInvis .     a - +0 long sword
rCold  . . .     Clarity  .     b - +0 scale mail
rNeg   + . .     SustAt   .     c - +0 shield
rPois  .         Gourm    .     l - +2 hat
rElec  .         Spirit   .     (no cloak)
rCorr  .         Warding  .     (no gloves)
rMut   .         Stasis   .     h - +0 pair of boots
MR     .....                    (no amulet)
Stlth  ..........               (no ring)
                                n - ring of positive energy

@: not resistant to hostile enchantments, extremely unstealthy
A: no striking features
a: no special abilities


You were on level 4 of the Dungeon.
You were hungry.

You visited 1 branch of the dungeon, and saw 4 of its levels.

You collected 136 gold pieces.

Inventory:

Hand Weapons
 a - a +0 long sword (weapon)
 m - a +0 scythe
Armour
 b - a +0 scale mail (worn)
 c - a +0 shield (worn)
 h - a +0 pair of boots (worn)
 l - a +2 hat (worn)
Jewellery
 n - a ring of positive energy (left hand)
Wands
 r - a wand of flame (26)
Scrolls
 p - a scroll of identify
 q - 2 scrolls of teleportation
Potions
 d - 2 potions of might
 f - a potion of magic {unknown}
 i - a potion of cure mutation
 j - a potion of heal wounds {unknown}
Comestibles
 e - 3 bread rations
 g - 2 meat rations
 k - 2 chunks of flesh
 o - a slice of pizza


   Skills:
 + Level 3.8 Fighting
 + Level 3.2 Long Blades
 + Level 4.2 Armour
 + Level 2.9 Dodging
 + Level 0.2 Stealth
 + Level 4.8 Shields


You had 6 spell levels left.
You didn't know any spells.

Dungeon Overview and Level Annotations

Branches:
Dungeon (4/15)
 Temple: D:4-7

Altars:


Message History

Unknown command.
You hit the orc priest but do no damage.
The orc priest is heavily wounded.
You block the orc's attack.
The orc wizard hits you but does no damage.
The orc priest calls down the wrath of Beogh upon you.
Something smites you!
* * * LOW HITPOINT WARNING * * *
The hound skeleton bites you but does no damage.
The orc hits you but does no damage.
The orc wizard hits you but does no damage.
You are too injured to fight recklessly!
Unknown command.
Your shield and scale mail prevent you from hitting the orc priest.
The orc priest is heavily wounded.
The hound skeleton bites you.
* * * LOW HITPOINT WARNING * * *
The orc priest invokes the aid of Beogh against you.
Pain shoots through your body!
You die...

...................
..................
.................#
####.............#
##....##.......#
#.....##.......#
#...............
#......oo......
#......@Z......
#.....##o......
#.....# .......
+...... ....<..
##.....#.......
#.....#.>.....
......#.......
#..... .......


You could see an orc priest, an orc wizard, an orc and a hound skeleton.

Vanquished Creatures
  Sigmund (D:3)
  The ghost of Yermak the Sneak, an amateur OpAs of Gozag (D:3)
  An orc wizard (D:3)
  A hound (D:4)
  4 adders (D:3)
  2 worms (D:3)
  2 giant geckos
  7 orcs (D:3)
  A ball python (D:1)
  2 giant cockroaches
  12 goblins
  3 hobgoblins
  12 jackals
  10 bats
  6 giant newts
  13 kobolds
  8 rats
86 creatures vanquished.

Notes
Turn   | Place    | Note
--------------------------------------------------------------
     0 | D:1      | gorblad the Human Fighter began the quest for the Orb.
     0 | D:1      | Reached XP level 1. HP: 18/18 MP: 1/1
   179 | D:1      | Reached XP level 2. HP: 22/24 MP: 2/2
   771 | D:1      | Reached XP level 3. HP: 29/29 MP: 3/3
  1449 | D:2      | Reached skill level 1 in Dodging
  1546 | D:2      | Reached XP level 4. HP: 35/35 MP: 4/4
  1803 | D:3      | Noticed Yermak's ghost (amateur OpAs)
  1818 | D:3      | Killed Yermak's ghost
  1818 | D:3      | Reached skill level 4 in Shields
  1818 | D:3      | Reached XP level 5. HP: 23/41 MP: 5/5
  2214 | D:3      | Found a faded altar to an unknown god.
  2588 | D:3      | Noticed Sigmund
  2619 | D:3      | Killed Sigmund
  2619 | D:3      | Reached XP level 6. HP: 5/47 MP: 6/6
  3077 | D:3      | Reached XP level 7. HP: 48/52 MP: 7/7
  3274 | D:4      | Killed from afar by an orc priest

Action                   |  1- 3 |  4- 6 |  7- 9 || total
-------------------------+-------+-------+-------++-------
Melee: Long sword        |   148 |   216 |    26 ||   390
  Use: Scroll            |     2 |     3 |     1 ||     6
       Potion            |       |     4 |       ||     4
  Eat: Chunk             |     2 |     6 |       ||     8
